 Dungeon Crawl Stone Soup version 0.28-a0-723-g095bd1b44f (webtiles) character file.

Game seed: 6204733014841300115

27 cheechan the Sneak (level 3, -2/34 HPs)
             Began as a Naga Monk on Oct 25, 2021.
             Slain by a sky beast (6 damage)
             ... on level 3 of the Dungeon.
             The game lasted 00:05:17 (2179 turns).

cheechan the Sneak (Naga Monk)                      Turns: 2179, Time: 00:05:19

Health: -2/34      AC:  3    Str: 14    XL:     3   Next: 10%
Magic:  12/12      EV:  9    Int: 10    God:
Gold:   57         SH:  0    Dex: 13    Spells: 2/2 levels left

rFire   . . .      SeeInvis +   a - +0 hand axe
rCold   . . .      Faith    .   (no shield)
rNeg    . . .      Spirit   .   f - +0 ring mail
rPois   +          Reflect  .   (no helmet)
rElec   .          Harm     .   (no cloak)
rCorr   .          Rampage  .   (no gloves)
Will    .....                   (no barding)
Stlth   ++........              (no amulet)
HPRegen 0.11/turn               i - ring of magical power
MPRegen 0.13/turn               (no ring)

@: very slow
A: AC +1, large, see invisible, deformed body, poison resistance, slowness 2,
spit poison 1, naga tail 1
a: Spit Poison


You were on level 3 of the Dungeon.
You visited 1 branch of the dungeon, and saw 3 of its levels.

You collected 57 gold pieces.

Inventory:

Hand Weapons
 a - a +0 hand axe (weapon)
Missiles
 c - 55 arrows
 d - 12 poisoned darts
 e - 2 javelins
 h - 23 stones
Armour
 f - a +0 ring mail (worn)
 g - a +0 leather armour
Jewellery
 i - a ring of magical power (left hand)
Scrolls
 b - a scroll of teleportation {unknown}
 j - a scroll of blinking {unknown}


   Skills:
 + Level 3.2 Fighting
 + Level 3.3 Axes
 + Level 0.4 Armour
 + Level 2.7 Dodging
 + Level 3.4 Stealth


You had 2 spell levels left.
You didn't know any spells.
Your spell library was empty.

Dungeon Overview and Level Annotations

Branches:
Dungeon (3/15)

Altars:
Sif Muna


Innate Abilities, Weirdness & Mutations

Your serpentine skin is tough. (AC +1)
You have supernaturally acute eyesight. (SInv)
Armour fits poorly on your strangely shaped body.
Your system is resistant to poisons. (rPois)
You cover ground very slowly.
You can spit poison.
You have a snake-like lower body.


Message History

You see here a +0 dagger.
Found 5 gold pieces.
There is a stone staircase leading down here.
You now have 57 gold pieces (gained 5).
You open the door.
There is an open door here.
There is a stone staircase leading down here.
You climb downwards.
There is a stone staircase leading up here.
You hit the sky beast but do no damage. The sky beast hits you.
The sky beast shocks you.
You hit the sky beast.
The sky beast is lightly wounded.
The sky beast closely misses you.
You miss the sky beast.
The sky beast is lightly wounded.
The sky beast hits you. The sky beast shocks you.
You hit the sky beast but do no damage.
The sky beast is lightly wounded.
The sky beast hits you. The sky beast shocks you. The sky beast hits you.
The sky beast shocks you.
* * * LOW HITPOINT WARNING * * *
You aren't carrying any potions.
Okay, then.
Abil: Spit Poison
Press: ? - help, Q - select action, (/) - cycle Shift-Dir - straight line, f - sky beast
Aim: a sky beast (lightly wounded)
The splash of poison hits the sky beast.
The sky beast is lightly wounded.
The sky beast barely misses you.
You hit the sky beast.
The sky beast is moderately wounded.
The sky beast hits you but does no damage.
You closely miss the sky beast.
The sky beast is moderately wounded.
You have got your breath back.
The sky beast hits you.
* * * LOW HITPOINT WARNING * * *
The sky beast shocks you.
You die...

#.. .. ..
# .### .#
..###.#
###.#...#
#...Y..#
#..<@..#
#......#
#......#
########


You could see a sky beast.

Vanquished Creatures
  An adder (D:2)
  A worm (D:2)
  3 endoplasms
  A goblin (D:2)
  2 jackals (D:2)
  A kobold (D:2)
  A ball python (D:2)
  2 bats
  A frilled lizard (D:2)
  3 rats
16 creatures vanquished.

Notes
Turn   | Place    | Note
-------+----------+-------------------------------------------
     0 | D:1      | cheechan the Naga Monk began the quest for the Orb.
     0 | D:1      | Reached XP level 1. HP: 21/21 MP: 1/1
   208 | D:1      | Noticed a golden eye
   211 | D:1      | Found a faded altar of an unknown god.
   214 | D:1      | Noticed a floating eye
   221 | D:1      | Noticed a floating eye
   221 | D:1      | Noticed a floating eye
   746 | D:2      | Reached XP level 2. HP: 6/28 MP: 2/2
  1201 | D:2      | Found a shimmering blue altar of Sif Muna.
  1940 | D:2      | Reached XP level 3. HP: 15/34 MP: 3/3
  2171 | D:3      | Noticed a sky beast
  2179 | D:3      | Slain by a sky beast

Illustrated notes

Levels and vault maps discovered:
D:1:      matt_arrival_los_fun, layout_basic,
          hellmonk_ecumenical_altar_watching_god
D:2:      layout_basic, basic_altar, serial_bayou_lagoon_a
D:3:      layout_rooms

Action                   || total
-------------------------++-------
Melee: Hand axe          ||    51
 Abil: Spit Poison       ||     7
  Use: Scroll            ||     4
 Stab: Sleeping          ||     4
Armor: Robe              ||     5
       Ring mail         ||    19
       Leather armour    ||     3
Dodge: Dodged            ||    31

Table legend: (Time is in decaauts)
 A = Elapsed time spent in this place.
 B = Non-inter-level travel time spent in this place.
 C = Inter-level travel time spent in this place.
 D = Time resting spent in this place.
 E = Time spent auto-exploring this place.
 F = Levels seen in this place.
 G = Mean time per level.
                   A        B        C        D        E       F      G
               +--------+--------+--------+--------+--------+-----+--------+
         Total |   2719 |   2719 |      0 |    708 |      0 |   3 |  906.3 |
       Dungeon |   2719 |   2719 |      0 |    708 |      0 |   3 |  906.3 |
               +--------+--------+--------+--------+--------+-----+--------+

Top non-repeatable levels by time:
     D:2: 1755 daAuts
     D:1: 955 daAuts
     D:3: 8 daAuts
